Map: Acid Plant LE

Players

JDOG

  • Race: Protoss Protoss
  • League: Platinum
  • Spawn Location: 11:00

DeathBreath - Winner!

  • Race: Zerg Zerg
  • League: Platinum
  • Spawn Location: 5:00

VOD

Have the link to the VOD?

Description

I felt like this was a more fun matchup i played a week ago. I hope you all enjoy

Time

  • Played on: March 4, 2018, 11:26 a.m.
  • Length: 19:11
Show
View Real Time Build Order
Export as new Build Order

JDOG Protoss 

Build Orders: Cannon Rush 

Get SALT Encoding   

  12  0:25  Pylon  
  12  0:28  Probe (Chrono Boost)  
  13  0:38  Probe (Chrono Boost)  
  14  0:43  Probe (Chrono Boost)  
  14  0:47  Forge  
  15  0:54  Probe  
  16  1:09  Pylon  
  16  1:30  Photon Cannon  
  16  1:31  Photon Cannon  
  16  1:34  Photon Cannon  
  16  1:38  Photon Cannon  
  16  1:52  Pylon  
  16  2:10  Pylon  
  16  2:25  Pylon  
  16  2:32  Photon Cannon  
  16  2:36  Photon Cannon  
  16  2:38  Photon Cannon  
  16  2:46  Photon Cannon  
  16  2:58  Photon Cannon  
  16  3:25  Gateway  
  16  3:34  Photon Cannon  
  16  3:54  Nexus  
  16  4:07  Probe  
  17  4:12  Assimilator  
  17  4:19  Probe  
  18  4:26  Cybernetics Core  
  18  4:31  Probe  
  18  4:34  Pylon  
  19  4:42  Assimilator  
  19  4:43  Probe  
  20  4:52  Pylon  
  20  4:55  Probe  
  21  5:06  Probe (Chrono Boost)  
  22  5:18  Probe (Chrono Boost)  
  24  5:21  Probe (Chrono Boost)  
  24  5:23  Probe (Chrono Boost)  
  24  5:27  Stargate  
  25  5:30  Probe  
  25  5:32  Probe  
  25  5:34  Shield Battery  
  27  5:44  Probe  
  27  5:47  Probe  
  29  5:54  Photon Cannon  
  29  5:56  Probe  
  30  5:59  Probe  
  31  6:05  Photon Cannon  
  31  6:12  Void Ray (Chrono Boost)  
  35  6:19  Stalker  
  37  6:26  Shield Battery  
  37  6:54  Stargate  
  33  6:55  Assimilator  
  33  6:59  Assimilator  
  32  7:11  Cybernetics Core  
  32  7:14  Pylon  
  32  7:22  Nexus  
  32  7:27  Pylon  
  31  7:33  Pylon  
  31  7:53  Void Ray (Chrono Boost)  
  31  7:58  Forge  
  35  8:00  Stalker  
  37  8:31  Stargate  
  37  8:42  Assimilator  
  37  8:45  Assimilator  
  37  8:49  Photon Cannon  
  37  8:52  Photon Cannon  
  37  8:55  Robotics Facility  
  37  9:01  Shield Battery  
  37  9:08  Shield Battery  
  37  9:10  Probe (Chrono Boost)  
  38  9:22  Probe (Chrono Boost)  
  38  9:27  Probe (Chrono Boost)  
  39  9:31  Void Ray  
  43  9:47  Probe (Chrono Boost)  
  43  9:52  Immortal  
  48  9:56  Probe (Chrono Boost)  
  49  10:05  Void Ray  
  53  10:27  Nexus  
  53  10:41  Immortal  
  57  10:43  Probe (Chrono Boost)  
  58  10:55  Probe (Chrono Boost)  
  60  10:57  Probe (Chrono Boost)  
  60  11:00  Probe (Chrono Boost)  
  60  11:04  Void Ray, Probe  
  66  11:15  Void Ray  
  70  11:23  Pylon  
  70  11:29  Pylon  
  70  11:33  Pylon  
  70  11:39  Probe (Chrono Boost)  
  71  11:47  Protoss Air Weapons Level 1  
  71  11:49  Probe (Chrono Boost)  
  71  11:52  Stalker  
  74  11:54  Probe (Chrono Boost)  
  74  12:01  Probe  
  76  12:05  Probe  
  77  12:13  Probe  
  77  12:14  Void Ray  
  82  12:17  Probe  
  82  12:21  Stalker  
  85  12:22  Void Ray  
  85  12:25  Probe  
  85  12:29  Probe  
  91  12:34  Robotics Bay  
  91  12:37  Probe  
  91  12:39  Photon Cannon  
  91  12:41  Photon Cannon, Probe  
  93  12:47  Photon Cannon  
  93  12:50  Pylon  
  93  12:52  Protoss Shields Level 1  
  93  12:53  Probe  
  93  12:55  Observer  
  95  13:04  Pylon  
  96  13:05  Probe  
  96  13:09  Probe  
  97  13:14  Assimilator  
  97  13:16  Observer  
  97  13:17  Probe  
  99  13:21  Photon Cannon, Probe  
  99  13:25  Void Ray  
  104  13:29  Probe  
  104  13:31  Void Ray  
  104  13:33  Probe  
  110  13:37  Stalker  
  112  13:42  Probe  
  113  13:54  Probe  
  108  14:28  Stalker  
  108  14:29  Void Ray  
  102  14:42  Pylon  
  102  14:46  Pylon  
  102  14:48  Pylon  
  102  14:50  Robotics Facility  
  102  14:54  Nexus  
  102  14:56  Assimilator  
  102  14:57  Assimilator  
  102  14:59  Pylon, Colossus  
  102  15:00  Pylon  
  102  15:01  Pylon  
  102  15:04  Void Ray  
  102  15:05  Probe  
  113  15:17  Probe (Chrono Boost)  
  115  15:23  Probe (Chrono Boost)  
  115  15:28  Probe (Chrono Boost)  
  116  15:32  Probe (Chrono Boost)  
  116  15:33  Probe (Chrono Boost)  
  118  15:38  Colossus  
  118  15:42  Probe  
  131  16:02  Photon Cannon  
  131  16:03  Photon Cannon  
  131  16:09  Photon Cannon, Probe (Chrono Boost)  
  132  16:13  Colossus  
  132  16:18  Stalker  
  134  16:21  Probe (Chrono Boost)  
  135  16:25  Probe (Chrono Boost)  
  135  16:31  Colossus  
  142  16:36  Probe  
  143  16:54  Extended Thermal Lance  
  119  17:36  Colossus  
  118  17:39  Colossus, Probe  
  71  17:54  Nexus  
  67  18:08  Nexus  
Show
View Real Time Build Order
Export as new Build Order

DeathBreath Zerg - Winner!

Build Orders: Hatch First, Roach Nydus 

Get SALT Encoding   

  12  0:02  Drone  
  13  0:12  Overlord  
  13  0:17  Drone  
  14  0:40  Drone x3  
  17  0:46  Extractor  
  16  0:57  Hatchery  
  15  0:59  Drone  
  15  1:03  Drone  
  17  1:13  Drone  
  18  1:24  Spawning Pool  
  17  1:27  Drone  
  18  1:34  Drone  
  19  1:46  Drone  
  20  1:56  Drone  
  22  2:19  Hatchery  
  22  2:20  Spine Crawler, Queen  
  22  2:28  Extractor  
  21  2:30  Roach Warren  
  20  2:41  Spine Crawler  
  18  2:56  Spine Crawler  
  17  3:05  Spine Crawler  
  16  3:25  Drone x3  
  19  3:29  Queen  
  21  3:53  Overlord x2  
  21  3:54  Overlord  
  21  3:58  Drone  
  22  4:16  Lair  
  22  4:45  Extractor, Roach  
  23  4:46  Roach x6  
  35  5:04  Drone x2  
  37  5:19  Drone x4  
  41  5:26  Nydus Network  
  41  5:28  Evolution Chamber  
  39  5:34  Drone  
  40  5:45  Queen  
  40  5:49  Roach  
  44  5:50  Roach  
  44  5:51  Overlord x2  
  44  5:56  Zerg Missile Weapons Level 1  
  46  6:08  Nydus Canal  
  46  6:16  Roach  
  46  6:17  Roach x3  
  54  6:40  Roach  
  54  6:41  Roach  
  58  7:00  Roach x2  
  62  7:31  Queen, Spore Crawler x2  
  62  7:42  Overlord x3  
  62  8:24  Zerg Missile Weapons Level 2, Hatchery  
  61  8:44  Spore Crawler  
  60  8:50  Drone  
  60  8:51  Drone x5  
  64  9:49  Infestation Pit  
  64  9:52  Hydralisk Den  
  63  9:57  Drone x3  
  66  10:20  Extractor  
  65  10:22  Extractor  
  65  10:28  Grooved Spines  
  64  10:29  Hatchery  
  63  10:38  Drone  
  63  10:39  Drone x5  
  63  10:41  Drone  
  63  10:42  Drone x2  
  72  10:43  Zerg Ground Armor Level 1  
  72  10:47  Infestation Pit  
  71  10:50  Spore Crawler  
  71  10:54  Queen  
  71  10:55  Spore Crawler  
  71  11:05  Overlord x4  
  71  11:12  Drone x4  
  75  11:25  Extractor  
  74  11:51  Drone  
  74  11:52  Drone x4  
  79  11:56  Hive  
  79  11:59  Drone x3  
  82  12:05  Drone x3  
  82  12:07  Drone x3  
  88  12:10  Overlord  
  88  12:18  Muscular Augments  
  88  12:42  Hatchery  
  87  12:50  Hydralisk x7  
  101  12:56  Hydralisk x2  
  105  13:15  Zerg Missile Weapons Level 3  
  105  13:21  Evolution Chamber, Drone x2  
  105  13:22  Hydralisk  
  105  13:24  Hydralisk x2  
  112  13:29  Drone  
  112  13:32  Overlord x2  
  113  13:52  Hydralisk  
  113  13:53  Hydralisk x4  
  113  13:54  Hydralisk  
  125  14:12  Spore Crawler  
  125  14:13  Spore Crawler  
  125  14:14  Spore Crawler  
  118  14:26  Queen  
  116  14:40  Hydralisk Den  
  115  14:55  Zergling x2, Extractor  
  115  14:59  Zerg Ground Armor Level 2  
  115  15:00  Extractor  
  114  15:11  Hatchery  
  114  15:14  Nydus Canal  
  113  15:46  Hydralisk  
  113  15:47  Hydralisk x11  
  113  15:49  Hatchery  
  136  15:50  Extractor  
  136  15:51  Extractor  
  134  16:49  Lair  
  130  17:01  Roach Warren  
  128  17:06  Nydus Network  
  128  17:08  Lurker Den  
  124  17:10  Spire  
  71  17:56  Zergling x16  
  79  18:20  Zergling x8  
  79  18:37  Hydralisk  
  79  18:38  Hydralisk  
Tags
 
Add a new tag
Caveats
  • Supply blocks, unpowered buildings, or Contaminate may cause inaccurate times.
  • Supply counts are checked every 10 seconds.